 Dungeon Crawl Stone Soup version 0.18.1-48-g4cf74bf (webtiles) character file.

6185 MistressOfTheDunes the Martial Artist (level 10, -6/82 HPs)
             Began as a Mummy Monk on June 26, 2016.
             Mangled by an unseen horror (9 damage)
             ... on level 10 of the Dungeon.
             The game lasted 00:39:11 (23359 turns).

MistressOfTheDunes the Martial Artist (Mummy Monk) Turns: 23359, Time: 00:39:12

Health: -6/82      AC:  3    Str: 15    XL:     10   Next: 60%
Magic:  10/10      EV: 19    Int:  9    God:
Gold:   341        SH:  0    Dex: 18    Spells: 0 memorised, 9 levels left

rFire  . . .     SeeInvis .       - Unarmed
rCold  + . .     Gourm    .     (no armour)
rNeg   + + +     Faith    .     (no shield)
rPois  ∞         Spirit   .     (no helmet)
rElec  .         Dismiss  .     d - +2 cloak
rCorr  .         Reflect  .     (no gloves)
SustAt .         Harm     .     (no boots)
MR     ++...                    (no amulet)
Stlth  ++........               p - ring of protection from magic
                                h - ring of protection from fire

@: very resistant to hostile enchantments, unstealthy
A: no food or potions, fire vulnerability, cold resistance 1, negative energy
resistance 3, torment resistance, unbreathing
a: no special abilities


You were on level 10 of the Dungeon.
You were not hungry.

You visited 2 branches of the dungeon, and saw 11 of its levels.

You collected 526 gold pieces.
You spent 185 gold pieces at shops.


Innate Abilities, Weirdness & Mutations

You do not eat or drink.
Your flesh is vulnerable to fire.
You are immune to poison.
Your flesh is cold resistant.
You are immune to negative energy.
You are immune to unholy pain and torment.
You can survive without breathing.


   Skills:
 + Level 8.4 Fighting
 - Level 9.0 Dodging
 - Level 1.5 Stealth
 - Level 9.0 Unarmed Combat


You had 9 spell levels left.
You didn't know any spells.

Inventory:

Armour
 d - a +2 cloak (worn)
 i - a +0 hat
 m - the +3 leather armour of the Eternal Fruit {rCorr Stlth+, unknown}

   It protects you from acid and corrosion.
   It makes you more stealthy.
Jewellery
 e - an uncursed amulet of faith {unknown}
 h - a ring of protection from fire (left hand)
 k - an uncursed ring of ice
 p - a ring of protection from magic (right hand)
 r - an uncursed amulet of the gourmand {unknown}
Scrolls
 a - a scroll of enchant armour
 b - 2 scrolls of fog
 c - a scroll of amnesia (quivered)
 f - 3 scrolls of magic mapping
 g - 2 scrolls of teleportation {@r4}
 j - 2 scrolls of noise {!r}
 l - 3 scrolls of blinking
 n - 3 scrolls of remove curse
 o - 2 scrolls of fear
 q - 2 scrolls of identify {@r1}

Dungeon Overview and Level Annotations

Branches:
Dungeon (10/15)            Temple (1/1) D:7
   Lair: D:8-11         Orc: D:9-12

Altars:
Ashenzari
Cheibriados
Dithmenos
Elyvilon
Fedhas
Gozag
Kikubaaqudgha
Makhleb
Nemelex Xobeh
Okawaru
Pakellas
Qazlal
Ru
Sif Muna
Trog
Vehumet
Xom
Yredelemnul
Zin
The Shining One

Shops:
D:4 ?   D:8 (

Annotations:
D:3 nicanaca0's ghost, amateur MfGl
D:6 Blork the orc
D:7 exclusions: downstairs, orc and orc warrior
D:9 exclusion: 2 electric eels, nicanaca0's ghost, novice TrMo
Temple exclusion: orc warrior

..▒ ..▒ ▒.▒ ..▒▒..▒ ▒.▒ ▒.▒...▒
... ▒▒+▒▒ ▒.▒.>.▒ ▒.▒ ▒▒...▒▒
▒.▒...▒ ▒.▒▒▒▒ ▒▒.....▒▒ ▒
▒.....▒ ▒.▒▒.▒▒ ▒▒.>.....▒▒▒
▒...▒▒▒▒▒▒▒▒▒.▒...▒▒▒▒.........▒▒
....................)'.W.......'.
▒...▒▒▒▒▒▒▒▒▒<▒.M.▒▒▒▒.%.......▒▒
▒▒..▒▒▒▒▒▒ ▒..▒.▒▒ ▒▒.(.....▒▒
▒........▒ ▒▒.▒▒▒ ▒▒.....▒▒
.........▒ ▒.▒ ▒▒...▒▒ ▒.▒.▒▒▒..▒
▒<▒ ▒....▒ ▒.▒.▒▒▒..▒ ▒.▒
▒.▒..▒▒▒▒▒ ▒.▒..▒▒..▒ ▒.▒
▒.▒......▒ ▒.▒▒.▒▒..▒ ▒.▒
▒..▒.▒▒▒▒▒ .[.......▒ ▒.▒
▒▒▒▒.▒▒▒.▒▒


You could see a phantom.


Message History

Something barely misses you! The phantom completely misses you!
Something barely misses you! Something hits you! * * * don't die
* * * Something hits you! * * * don't die
* * * Something hits you! * * * don't die
* * * The phantom blinks!!!
Something completely misses you! Something closely misses you!
The phantom blinks!!!
Something hits you but does no damage!
There is an open door here!
Something closely misses you!
Things that are here:
a dagger; a whip x2
Something is blocking the doorway!!!
Something hits you! * * * don't die
* * * Something hits you but does no damage!
Something hits you!!! * * * don't die
* * * Something barely misses you!
The crimson imp sputters!
Something hits you but does no damage! Something hits you! * * * don't die
* * * Something hits you but does no damage!
Read which item? (? for menu, Esc to quit)
Okay, then!
You pound something but do no damage! Something hits you!!! rip

Action                   |  1- 3 |  4- 6 |  7- 9 | 10-12 || total
-------------------------+-------+-------+-------+-------++-------
Melee: Unarmed           |    86 |   303 |   890 |   313 ||  1592
       Punch             |       |     8 |    38 |    17 ||    63
  Use: Scroll            |       |     5 |    10 |       ||    15
 Stab: Sleeping          |     5 |     7 |     1 |       ||    13
       Distracted        |       |     1 |     2 |       ||     3
Armor: Skin              |       |       |    24 |    27 ||    51
Dodge: Dodged            |    47 |   195 |   685 |   267 ||  1194

Vault maps used:
D:1:      eino_arrival_water_star, fountainhead, ashenzari_altar_1
D:2:      gammafunk_temple_overflow_pools, tgw_kikubaaqudgha, uniq_natasha
D:3:      minitemple, lemuel_crystal_altar
D:4:      kennysheep_goblin_castle, serial_shops, shop, nemelex_deck
D:5:      first_bread, lemuel_flamethrower_2, uniq_sigmund
D:6:      led_sif_pool, uniq_edmund, uniq_eustachio, uniq_blork_the_orc,
          uniq_crazy_yiuf_cottage
D:7:      temple_fountains, trog_wizard, uniq_joseph
D:8:      serial_shops, kennysheep_little_box, the_bakery
D:9:      statuecave_lemuel
D:10:     kennysheep_orc_monster_closet_entryway
Temple:   circular_temple_12

Notes
Turn   | Place    | Note
--------------------------------------------------------------
     0 | D:1      | MistressOfTheDunes the Mummy Monk began the quest for the Orb.
     0 | D:1      | Reached XP level 1. HP: 18/18 MP: 1/1
   540 | D:1      | Reached XP level 2. HP: 16/24 MP: 2/2
   935 | D:1      | Reached skill level 4 in Unarmed Combat
  1182 | D:1      | Found a shattered altar of Ashenzari.
  1185 | D:1      | Reached XP level 3. HP: 29/29 MP: 3/3
  1438 | D:2      | Noticed Natasha
  1446 | D:2      | Killed Natasha
  1455 | D:2      | Noticed Natasha
  1536 | D:2      | Killed Natasha
  1536 | D:2      | Reached XP level 4. HP: 16/35 MP: 4/4
  1901 | D:2      | Found an ancient bone altar of Kikubaaqudgha.
  1901 | D:2      | Noticed Natasha
  1903 | D:2      | Noticed a human
  1905 | D:2      | Killed a human
  1909 | D:2      | Killed Natasha
  1909 | D:2      | Reached skill level 5 in Unarmed Combat
  2389 | D:2      | Reached XP level 5. HP: 37/41 MP: 5/5
  2494 | D:2      | Found a shattered altar of Ashenzari.
  2494 | D:2      | Found an oddly glowing altar of Pakellas.
  2921 | D:3      | Found a sparkling altar of Nemelex Xobeh.
  3036 | D:3      | Reached skill level 4 in Fighting
  3370 | D:3      | Noticed nicanaca0's ghost (amateur MfGl)
  3647 | D:3      | Reached XP level 6. HP: 48/50 MP: 6/6
  4244 | D:2      | Reached skill level 5 in Fighting
  4988 | D:3      | Found a stormy altar of Qazlal.
  4995 | D:3      | Found a burning altar of Makhleb.
  4997 | D:3      | Found a blossoming altar of Fedhas.
  4998 | D:3      | Found a bloodstained altar of Trog.
  5497 | D:3      | Reached skill level 3 in Dodging
  6663 | D:4      | Reached XP level 7. HP: 29/56 MP: 7/7
  6828 | D:4      | Reached skill level 4 in Dodging
  6881 | D:4      | Noticed Ijyb
  6924 | D:4      | Killed Ijyb
  7229 | D:4      | Found a sparkling altar of Nemelex Xobeh.
  7687 | D:4      | Found Vontoo's Magic Scroll Emporium.
  7709 | D:4      | Bought a scroll of fear for 35 gold pieces
  7709 | D:4      | Bought a scroll of blinking for 75 gold pieces
  7709 | D:4      | Bought a scroll of blinking for 75 gold pieces
  7804 | D:5      | Entered Level 5 of the Dungeon
  7893 | D:5      | Noticed Sigmund
  8273 | D:5      | HP: 4/56 [centaur/arrow (10)]
  8910 | D:5      | Noticed RadicalRoach's ghost (novice VSTm)
  9496 | D:6      | Reached skill level 6 in Unarmed Combat
  9633 | D:6      | Noticed Edmund
  9660 | D:6      | Noticed Blork the orc
  9712 | D:6      | Noticed Eustachio
 10041 | D:6      | Reached skill level 6 in Fighting
 10041 | D:6      | Reached XP level 8. HP: 28/64 MP: 8/8
 10265 | D:5      | HP: 6/64 [Eustachio/rapier (6)]
 10637 | D:3      | HP: 6/64 [river rat[Eustachio] (10)]
 10639 | D:3      | HP: 1/64 [river rat[Eustachio] (6)]
 11093 | D:5      | Killed Sigmund
 11093 | D:5      | Reached skill level 5 in Dodging
 11286 | D:5      | Killed RadicalRoach's ghost
 11286 | D:5      | Reached skill level 6 in Dodging
 11662 | D:6      | Found a deep blue altar of Sif Muna.
 11688 | D:6      | Noticed Crazy Yiuf
 12809 | D:6      | Reached skill level 7 in Dodging
 13600 | D:5      | Reached XP level 9. HP: 49/69 MP: 9/9
 14278 | D:2      | Killed Eustachio
 14278 | D:2      | Reached skill level 7 in Unarmed Combat
 15819 | D:6      | Killed Crazy Yiuf
 15930 | D:5      | Killed Edmund
 15930 | D:5      | Reached skill level 7 in Fighting
 16468 | D:3      | Found a sparkling altar of Nemelex Xobeh.
 17347 | D:7      | Got a steaming leather armour
 17366 | D:7      | Noticed Joseph
 17810 | D:7      | Reached skill level 8 in Unarmed Combat
 17822 | D:7      | HP: 5/72 [killer bee (6)]
 17823 | D:7      | HP: 2/72 [killer bee (3)]
 18143 | D:7      | Found a staircase to the Ecumenical Temple.
 18471 | Temple   | Entered the Ecumenical Temple
 19431 | D:8      | Reached skill level 8 in Fighting
 19602 | D:8      | Found Homunueg's Antique Weapon Shop.
 19928 | D:8      | Reached XP level 10. HP: 52/80 MP: 10/10
 20205 | D:7      | Killed Joseph
 20205 | D:7      | Reached skill level 8 in Dodging
 21226 | D:9      | Noticed nicanaca0's ghost (novice TrMo)
 21287 | D:9      | Reached skill level 9 in Unarmed Combat
 22823 | D:10     | Entered Level 10 of the Dungeon
 22871 | D:10     | Reached skill level 9 in Dodging
 23354 | D:10     | HP: 7/82 [something (7)]
 23357 | D:10     | HP: 3/82 [something (5)]
 23359 | D:10     | Mangled by an unseen horror

Vanquished Creatures
  Joseph (D:7)
  The ghost of RadicalRoach the Changer, a novice VSTm (D:5)
  A spriggan (D:8)
  Sigmund (D:5)
  Eustachio (D:2)
  A hippogriff (D:10)
  Edmund (D:5)
  2 water moccasins
  A black bear (D:9)
  3 ice beasts
  An orc warrior (D:8)
  2 sky beasts
  A phantom (D:10)
  A necrophage (D:8)
  2 ogres
  4 centaurs
  3 big kobolds
  8 giant frogs
  6 scorpions
  6 killer bees
  4 wights (D:7)
  5 howler monkeys
  3 crimson imps
  A giant frog zombie (D:5)
  7 hounds
  2 jellies
  A centaur skeleton (D:8)
  3 giant frog skeletons
  5 orc priests
  Crazy Yiuf (D:6)
  Ijyb (D:4)
  2 iguanas
  8 orc wizards
  Natasha (thrice) (D:2)
  11 worker ants
  A howler monkey zombie (D:9)
  4 gnolls
  12 adders
  2 shadow imps
  3 oozes (D:2)
  2 adder zombies
  5 adder skeletons
  5 worms
  7 dart slugs
  9 giant geckos
  32 orcs
  10 giant cockroaches
  14 goblins
  8 hobgoblins
  8 jackals
  23 kobolds
  7 quokkas
  2 ball pythons (D:6)
  10 bats
  2 giant gecko skeletons
  A giant gecko zombie (D:5)
  9 giant newts
  A jackal zombie (D:7)
  11 rats
292 creatures vanquished.

Vanquished Creatures (others)
  A human (D:2)
  A jelly (D:5)
  A jackal skeleton (D:5)
3 creatures vanquished.

Grand Total: 295 creatures vanquished
